cohdb
Replays
Latest Replays
All Replays
Popular Replays
Top Player Replays
Match Explorer
How It Works
Community
CoH3 Stats
Reddit
Sign in to upload your games and track your stats! →
Sign in with Steam
Match 42928857
Unlisted
Match 42928857
Overview
Messages
Build Orders
End
Construct Infanterie Kompanie
Selects Breakthrough Battlegroup
Grenadier Squad
MG 42 Machine Gun Team
Selects Assault Grenadiers
Grenadier Squad
Construct Panzergrenadier Kompanie
Panzergrenadier Squad
251 Medium Carrier
Pak 40 Anti-tank Gun Team
Support Elements
Selects Rapid Production
StuG III G Assault Gun
Nebelwerfer 42 Rocket Launcher Team
Demigore
动物园之狼
Darbesky
75642135468
0
0
Comments
sign in to comment!
No comments posted yet!